 Dungeon Crawl Stone Soup version 0.28.0-47-ge53b351184 (webtiles) character file.

Game seed: 9500970370322853536

1389 Kenran the Grappler (level 8, -3/79 HPs)
             Began as a Troll Monk on Apr 30, 2022.
             Was a Priest of Okawaru.
             Slain by a vampire mosquito (7 damage)
             ... on level 6 of the Dungeon.
             The game lasted 00:09:14 (3938 turns).

Kenran the Grappler (Troll Monk)                    Turns: 3938, Time: 00:09:15

Health: -3/79      AC:  4    Str: 22    XL:     8   Next: 40%
Magic:  8/8        EV: 10    Int:  6    God:    Okawaru [***...]
Gold:   223        SH:  5    Dex: 12    Spells: 7/7 levels left

rFire   + . .      SeeInvis +     - Unarmed
rCold   . . .      Faith    .   (no shield)
rNeg    . . .      Spirit   .   a - +0 robe
rPois   .          Reflect  +   (helmet restricted)
rElec   .          Harm     .   (no cloak)
rCorr   .          Rampage  .   (gloves unavailable)
Will    .....                   (boots unavailable)
Stlth   ++........              j - amulet of reflection
HPRegen 1.03/turn               c - ring of see invisible
MPRegen 0.11/turn               w - ring of protection from fire

@: on berserk cooldown, slowed, very slow
A: large, unfitting armour, claws 3, regeneration 1, shaggy fur 1, tough skin 1
a: Renounce Religion, Heroism


You were on level 6 of the Dungeon.
You worshipped Okawaru.
Okawaru was most pleased with you.
You visited 2 branches of the dungeon, and saw 7 of its levels.

You collected 223 gold pieces.

Inventory:

Missiles
 g - 5 datura-tipped darts (quivered)
 h - 4 poisoned darts
 i - 173 stones
 l - a throwing net
 t - 3 curare-tipped darts
 z - 3 boomerangs
Armour
 a - a +0 robe (worn)
Jewellery
 c - a ring of see invisible (left claw)
 j - an amulet of reflection (around neck)
 w - a ring of protection from fire (right claw)
Wands
 p - a wand of paralysis (7)
Scrolls
 b - 2 scrolls of blinking
 o - a scroll of teleportation {unknown}
 r - a scroll of fear {unknown}
 s - a scroll of brand weapon {unknown}
 u - 2 scrolls of magic mapping {unknown}
 y - 2 scrolls of acquirement {unknown}
Potions
 d - 4 potions of curing {@q1}
 e - a potion of heal wounds {@q2}
 f - a potion of magic {unknown}
 k - a potion of flight {unknown}
 m - 2 potions of brilliance {unknown}
 n - 2 potions of might
 v - a potion of mutation {unknown}
Miscellaneous
 x - a phantom mirror


   Skills:
 + Level 4.9 Fighting
 - Level 2.0 Throwing
 - Level 3.0 Dodging
 - Level 1.0 Stealth
 + Level 8.5 Unarmed Combat
 - Level 2.0 Invocations


You had 7 spell levels left.
You didn't know any spells.
Your spell library contained the following spells:

 Spells                   Type           Power      Damage    Failure   Level
 Slow                     Hex            0%         N/A       45%         1
 Static Discharge         Conj/Air       0%         N/A       58%         2
 Confusing Touch          Hex            0%         N/A       83%         3
 Portal Projectile        Hex/Tloc       0%         N/A       83%         3
 Anguish                  Hex/Necr       0%         N/A       99%         4
 Leda's Liquefaction      Hex/Erth       0%         N/A       99%         4
 Freezing Cloud           Conj/Ice/Air   0%         6-21      100%        5
 Lightning Bolt           Conj/Air       0%         1d11      100%        5
 Enfeeble                 Hex            0%         N/A       100%        7
 Call Canine Familiar     Summ           Unusable   N/A       N/A         3
 Tukima's Dance           Hex            Unusable   N/A       N/A         3

Dungeon Overview and Level Annotations

Branches:
Dungeon (6/15)             Temple (1/1) D:4

Altars:
Ashenzari
Cheibriados
Dithmenos
Elyvilon
Fedhas
Gozag
Hepliaklqana
Kikubaaqudgha
Makhleb
Nemelex Xobeh
Okawaru
Qazlal
Ru
Sif Muna
Trog
Uskayaw
Vehumet
Wu Jian
Xom
Yredelemnul
Zin
The Shining One


Innate Abilities, Weirdness & Mutations

You are too large for most types of armour.
You have claws for hands.
Your natural rate of healing is unusually fast.
You are covered in fur. (AC +1)
You have tough skin. (AC +1)


Message History

The vampire mosquito is almost destroyed.
You block the vampire mosquito's attack.
You closely miss the vampire mosquito.
The vampire mosquito is almost destroyed.
You block the vampire mosquito's attack.
The orc priest mumbles some strange prayers to Beogh against you.
Beogh smites you!
* * * LOW HITPOINT WARNING * * *
You closely miss the vampire mosquito.
The vampire mosquito is almost destroyed.
The vampire mosquito bites you but does no damage.
You barely miss the vampire mosquito.
The vampire mosquito is almost destroyed.
The vampire mosquito bites you!
* * * LOW HITPOINT WARNING * * *
The vampire mosquito draws strength from your injuries!
You completely miss the vampire mosquito.
The vampire mosquito is severely damaged.
The vampire mosquito barely misses you.
An orc comes into view. It is wielding a +0 flail.
The orc priest looks braver for a moment.
You claw the vampire mosquito!
You destroy the vampire mosquito!
Okawaru accepts your kill. Okawaru grants you ammunition!
Something appears at your feet!
You claw the vampire mosquito!
The vampire mosquito is heavily damaged.
The vampire mosquito bites you.
* * * LOW HITPOINT WARNING * * *
The vampire mosquito draws strength from your injuries!
You claw the vampire mosquito!
The vampire mosquito is almost destroyed.
You block the vampire mosquito's attack.
You closely miss the vampire mosquito.
The vampire mosquito is almost destroyed.
You are no longer berserk.
You are exhausted.
You feel yourself slow down. The vampire mosquito bites you!
You die...

.. ... .... ....o ###
....oo###### #..
[...hy))...## #.#
....o.####oo#####.#
.##########oooz##.######...
. .......oohzy@.........#
.## #############.#.#######
..# #.#...###### #.#
#.###......# #.# #.#
######[###.# ... #..##.##
... ##...... ... ###....
#....


You could see a vampire mosquito, a hound, 2 wights, an orc priest, 2 orc
wizards and 4 orcs.

Vanquished Creatures
  2 vampire mosquitoes (D:6)
  2 sky beasts
  A black bear (D:5)
  2 ogres (D:5)
  A phantom (D:4)
  2 scorpions (D:5)
  2 wights (D:6)
  A howler monkey (D:5)
  2 orc priests (D:5)
  A bullfrog skeleton (D:6)
  A hound (D:5)
  2 iguanas (D:5)
  An orc wizard (D:5)
  2 hound skeletons (D:4)
  4 gnolls (D:2)
  3 adders
  An ufetubus (D:4)
  3 dart slugs
  11 orcs
  7 ball pythons
  10 bats
  7 endoplasms
  2 giant cockroaches
  7 goblins
  7 hobgoblins
  5 jackals (D:1)
  5 kobolds
  3 quokkas
  A frilled lizard (D:1)
  6 rats
104 creatures vanquished.

Notes
Turn   | Place    | Note
-------+----------+-------------------------------------------
     0 | D:1      | Kenran the Troll Monk began the quest for the Orb.
     0 | D:1      | Reached XP level 1. HP: 22/22 MP: 0/0
    88 | D:1      | Reached XP level 2. HP: 29/29 MP: 1/1
   257 | D:1      | Reached skill level 4 in Unarmed Combat
   320 | D:1      | Got the Guide on Fetching Lightness
   743 | D:1      | Reached XP level 3. HP: 36/36 MP: 2/2
   781 | D:1      | Found a faded altar of an unknown god.
  1076 | D:2      | Reached XP level 4. HP: 33/44 MP: 3/3
  2000 | D:3      | Found a snail-covered altar of Cheibriados.
  2080 | D:4      | Noticed a phantom
  2092 | D:4      | Killed a phantom
  2093 | D:4      | Reached skill level 5 in Unarmed Combat
  2093 | D:4      | Reached XP level 5. HP: 53/53 MP: 4/4
  2243 | D:4      | Found a staircase to the Ecumenical Temple.
  2252 | Temple   | Entered the Ecumenical Temple
  2626 | Temple   | Became a worshipper of Warmaster Okawaru
  2626 | Temple   | Reached * piety under Okawaru
  2626 | Temple   | Reached ** piety under Okawaru
  2811 | D:4      | Noticed a sky beast
  2826 | D:4      | Killed a sky beast
  2827 | D:4      | Reached skill level 6 in Unarmed Combat
  2827 | D:4      | Reached XP level 6. HP: 45/61 MP: 5/5
  3112 | D:5      | Entered Level 5 of the Dungeon
  3214 | D:5      | Reached skill level 7 in Unarmed Combat
  3376 | D:5      | Noticed a sky beast
  3388 | D:5      | Killed a sky beast
  3389 | D:5      | Reached XP level 7. HP: 51/67 MP: 5/7
  3498 | D:5      | Reached skill level 1 in Throwing
  3584 | D:5      | Reached *** piety under Okawaru
  3730 | D:5      | Reached XP level 8. HP: 78/78 MP: 8/8
  3852 | D:6      | Reached skill level 8 in Unarmed Combat
  3933 | D:6      | HP: 3/118 [vampire mosquito (8)]
  3935 | D:6      | Received a gift from Okawaru
  3938 | D:6      | Slain by a vampire mosquito

Illustrated notes

Levels and vault maps discovered:
D:1:      lightli_arrival_isolated_outpost, layout_basic,
          hellmonk_ecumenical_altar_arch_garden, st_stairs_8, minmay_cupped
D:2:      layout_basic
D:3:      layout_rooms, kennysheep_slug_shrine
D:4:      layout_basic, minmay_temple_entry_antechambers
D:5:      layout_basic, minmay_checkerbox
D:6:      layout_rooms
Temple:   mainiacjoe_temple_trianglar_array

Skill      XL: |  1  2  3  4  5  6  7  8 |
---------------+-------------------------+-----
Unarmed Combat | 4 5 6 7 8 |  8.5
Fighting       | 3 4 |  4.9
Dodging        | 3 |  3.0
Invocations    | 2 |  2.0
Throwing       | 2 |  2.0
Stealth        | |  1.0

Action                   |  1- 3 |  4- 6 |  7- 9 || total
-------------------------+-------+-------+-------++-------
Melee: Unarmed           |    96 |   130 |    72 ||   298
       Punch             |     3 |     2 |     3 ||     8
  Use: Scroll            |       |     3 |       ||     3
       Potion            |       |       |     3 ||     3
 Stab: Sleeping          |     3 |     4 |       ||     7
Armor: Robe              |    47 |    29 |     9 ||    85
Dodge: Dodged            |    62 |    44 |    25 ||   131
Block: Other             |     2 |    25 |    12 ||    39
